AoeStats
← cartofel22

MegaRandom

510167780Analyzed
3v3 RM · 2d ago on Sep 29, 2026· 58m 21s· 6 players
Game mode
Random Map
Map size
Normal (6 player)
Population
200
Speed
Normal
Resources
Standard
Victory
Conquest
Starting age
Dark Age
Ending age
Imperial Age
RankedLock teamsTeams togetherTeam positionsShared explorationLock speedFull tech treeHidden civsTurbo modeCheats
Victory
Defeat
🇵🇱 Teutons · Poland
540
+6
🇪🇸 Franks · Spain
402
+11
🇵🇱 Spanish · Poland
360
+13
🇦🇷 Teutons · Argentina
295
-10
🇦🇷 Chinese · Argentina
293
-10
🇦🇷 Spanish · Argentina
284
-10
damianosdanielakos
4:33 Loom
13:56 Feudal Age
15:20 Wheelbarrow
14:37 Double-Bit Axe
14:57 Horse Collar
15:12 Man-at-Arms
17:57 Arson
19:27 Gold Mining
24:23 Castle Age
27:03 Hand Cart
27:53 Stone Mining
28:06 Heavy Plow
28:19 Bow Saw
29:11 Bloodlines
28:27 Pikeman
29:38 Squires
31:05 Stone Shaft Mining
30:17 Gambesons
30:49 Forging
31:33 Thumb Ring
31:51 Long Swordsman
32:35 Caravan
32:44 Padded Archer Armor
33:08 Inquisition
33:47 Elite Skirmisher
38:26 Imperial Age
37:09 Masonry
37:10 Fortified Wall
37:18 Guard Tower
38:44 Fervor
38:59 Murder Holes
41:44 Sappers
42:35 Conscription
42:12 Town Watch
43:21 Block Printing
43:46 Supremacy
42:54 Two-Handed Swordsman
44:33 Illumination
44:57 Leather Archer Armor
44:32 Fletching
44:46 Devotion
45:28 Hoardings
45:28 Ballistics
46:38 Champion
49:08 Bodkin Arrow
49:14 Scale Mail Armor
49:19 Scale Barding Armor
52:23 Elite Conquistador
53:13 Bracer
54:02 Sanctity
57:13 Architecture
57:31 Redemption
57:26 Husbandry
tribel11
10:37 Feudal Age
11:08 Double-Bit Axe
16:11 Gold Mining
20:32 Castle Age
22:11 Caravan
23:30 Gold Shaft Mining
22:48 Stone Mining
25:45 Wheelbarrow
26:15 Pikeman
26:56 Squires
26:41 Gambesons
33:32 Imperial Age
31:30 Hand Cart
32:21 Bow Saw
34:07 Capped Ram
34:14 Ordonnance Companies
34:46 Town Watch
34:47 Loom
35:23 Masonry
34:54 Treadmill Crane
35:35 Ballistics
37:16 Town Patrol
38:33 Architecture
38:15 Fortified Wall
38:22 Forging
38:13 Scale Mail Armor
38:03 Halberdier
40:31 Heavy Scorpion
43:07 Elite Throwing Axeman
45:25 Iron Casting
45:06 Chain Mail Armor
44:42 Fletching
44:55 Padded Archer Armor
47:49 Chemistry
49:06 Blast Furnace
48:37 Plate Mail Armor
52:38 Hoardings
56:58 Bodkin Arrow
57:19 Leather Archer Armor
57:10 Scale Barding Armor
cartofel22
2:37 Loom
11:53 Feudal Age
12:19 Horse Collar
12:28 Double-Bit Axe
17:51 Stone Mining
21:44 Castle Age
21:26 Fletching
21:39 Gold Mining
23:07 Caravan
23:12 Heavy Plow
26:34 Coinage
29:02 Fervor
29:13 Sanctity
36:13 Imperial Age
34:09 Ballistics
34:12 Forging
33:58 Bodkin Arrow
34:04 Scale Mail Armor
34:04 Padded Archer Armor
34:10 Scale Barding Armor
34:18 Bloodlines
34:41 Devotion
35:02 Heresy
35:24 Wheelbarrow
34:36 Town Watch
36:50 Iron Casting
36:30 Chain Mail Armor
38:04 Chemistry
36:53 Arrowslits
37:48 Hand Cart
38:06 Ironclad
38:14 Town Patrol
38:24 Atonement
39:05 Onager
40:44 Banking
40:25 Guilds
41:39 Crenellations
44:15 Blast Furnace
43:46 Plate Mail Armor
43:31 Leather Archer Armor
42:45 Cavalier
43:40 Bow Saw
45:12 Hoardings
45:17 Conscription
45:43 Siege Engineers
45:50 Fortified Wall
46:29 Heavy Scorpion
49:21 Siege Onager
50:54 Ring Archer Armor
50:32 Squires
52:31 Elite Teutonic Knight
53:54 Pikeman
56:30 Sappers
56:24 Capped Ram
LAUTY71990
10:41 Loom
13:18 Feudal Age
16:11 Wheelbarrow
30:30 Castle Age
37:37 Imperial Age
37:58 Imperial Age
41:04 Elite Teutonic Knight
43:34 Hand Cart
49:59 Heavy Scorpion
51:51 Cavalier
54:09 Paladin
Maurusoscuro
18:57 Feudal Age
19:48 Double-Bit Axe
19:46 Horse Collar
20:48 Wheelbarrow
20:13 Gold Mining
29:21 Castle Age
29:59 Scale Barding Armor
31:35 Chain Barding Armor
39:50 Thumb Ring
40:11 Thumb Ring
40:26 Husbandry
40:40 Bloodlines
47:52 Imperial Age
45:38 Hand Cart
45:57 Bow Saw
45:51 Heavy Plow
rex77731
0:45 Loom
13:18 Feudal Age
13:46 Town Watch
16:24 Double-Bit Axe
16:39 Gold Mining
17:07 Horse Collar
20:02 Wheelbarrow
23:03 Fletching
23:23 Forging
23:16 Padded Archer Armor
28:16 Castle Age
27:45 Stone Mining
29:04 Heavy Plow
29:43 Gold Shaft Mining
29:44 Stone Shaft Mining
29:50 Squires
30:12 Bow Saw
31:08 Arson
31:48 Hand Cart
33:36 Bodkin Arrow
33:53 Scale Mail Armor
36:45 Town Patrol
40:30 Imperial Age
44:54 Elite Chu Ko Nu
Connection lost

Rejoining the realm…

Still unreachable

The connection could not be restored.

Session expired

The server has moved on; the page needs a fresh start.